 Dungeon Crawl Stone Soup version 0.28-a0-1567-g1695149f81 (webtiles) character file.

Game seed: 13356963678553155492

3858 hashsling the Reanimator (level 9, -2/51 HPs)
             Began as a Deep Elf Necromancer on Jan 19, 2022.
             Was a Believer of Makhleb.
             Succumbed to something's curare-tipped dart
             ... on level 8 of the Dungeon.
             The game lasted 00:36:23 (7565 turns).

hashsling the Reanimator (Deep Elf Necromancer)     Turns: 7565, Time: 00:36:23

Health: -2/51      AC:  7    Str:  5    XL:     9   Next: 99%
Magic:  33/33      EV: 17    Int: 25    God:    Makhleb [**....]
Gold:   60         SH:  0    Dex: 19    Spells: 9/26 levels left

rFire   + . .      SeeInvis .   a - +9 shortbow "Poryrgha" {vorpal, MP+9 Dex+4}
rCold   + . .      Faith    .   (shield currently unavailable)
rNeg    . . .      Spirit   .   F - +0 robe {rC+}
rPois   .          Reflect  .   j - +0 helmet
rElec   .          Harm     .   D - +0 cloak
rCorr   +          Rampage  .   d - +2 pair of gloves of Card Tricks {rF+ Stlth+}
Will    .....                   (no boots)
Stlth   ++++......              g - amulet of magic regeneration
HPRegen 0.17/turn               l - ring of resist corrosion
MPRegen 0.63/turn               y - ring of flight

@: lethally poisoned (-2 -> -23), flying
A: no striking features
a: Renounce Religion, Minor Destruction


You were on level 8 of the Dungeon.
You worshipped Makhleb.
Makhleb was pleased with you.
You visited 2 branches of the dungeon, and saw 9 of its levels.
You also visited: Sewer.

You collected 392 gold pieces.
You spent 332 gold pieces at shops.

Inventory:

Hand Weapons
 a - the +9 shortbow "Poryrgha" (weapon) {vorpal, MP+9 Dex+4}
   (You bought it in a shop on level 2 of the Dungeon)

   Any ammunition fired from it inflicts extra damage upon your enemies.
   Dex:       It affects your dexterity (+4).
   MP:        It affects your magic capacity (+9).
 b - the +9 spear of Disharmony {pain, rElec rC+ rCorr Str+4}
   (You found it on level 2 of the Dungeon)

   In the hands of one skilled in necromantic magic, it inflicts extra damage on
   living creatures.
   Str:       It affects your strength (+4).
   rC:        It protects you from cold.
   rElec:     It insulates you from electricity.
   rCorr:     It protects you from acid and corrosion.
Missiles
 e - 5 atropa-tipped darts
 i - a throwing net
 m - 124 arrows (quivered ammo)
Armour
 d - the +2 pair of gloves of Card Tricks (worn) {rF+ Stlth+}
   (You bought it in a shop on level 7 of the Dungeon)

   rF:        It protects you from fire.
   Stlth:     It makes you more stealthy.
 j - a +0 helmet (worn)
 D - a +0 cloak (worn)
 F - a +0 robe of cold resistance (worn)
Jewellery
 c - an amulet of guardian spirit
 g - an amulet of magic regeneration (around neck)
 l - a ring of resist corrosion (left hand)
 y - a ring of flight (right hand)
 z - an amulet of faith
Wands
 q - a wand of mindburst (10)
 A - a wand of iceblast (10)
 B - a wand of flame (20)
Scrolls
 h - 2 scrolls of enchant armour {unknown}
 k - 2 scrolls of brand weapon {unknown}
 n - 3 scrolls of noise
 o - a scroll of blinking {unknown}
 p - 3 scrolls of teleportation
 s - 4 scrolls of fog
 t - 4 scrolls of enchant weapon
 u - 2 scrolls of vulnerability {unknown}
 v - a scroll of immolation {unknown}
 E - a scroll of acquirement {unknown}
Potions
 f - a potion of haste
 r - 2 potions of might
 w - 2 potions of berserk rage
 G - a potion of resistance {unknown}


   Skills:
 + Level 3.3 Fighting
 + Level 3.1 Polearms
 * Level 4.4 Bows
 * Level 7.9 Dodging
 - Level 3.0 Stealth
 * Level 9.0 Spellcasting
 - Level 7.0 Hexes
 * Level 9.2 Necromancy
 + Level 0.1 Invocations


You had 9 spell levels left.
You knew the following spells:

 Your Spells              Type           Power      Damage    Failure   Level
a - Pain                  Necr           100%       1d9       1%          1
b - Animate Skeleton      Necr           100%       N/A       1%          1
c - Vampiric Draining     Necr           55%        2d9       1%          3
d - Anguish               Hex/Necr       25%        N/A       1%          4
e - Tukima's Dance        Hex            46%        N/A       1%          3
f - Agony                 Necr           55%        N/A       3%          5

Your spell library contained the following spells:

 Spells                   Type           Power      Damage    Failure   Level
 Animate Dead             Necr           27%        N/A       1%          4
 Enfeeble                 Hex            23%        N/A       95%         7


Dungeon Overview and Level Annotations

Branches:
Dungeon (8/15)             Temple (1/1) D:5           Sewer (visited)
   Lair: D:8-11

Altars:
Ashenzari
Cheibriados
Dithmenos
Fedhas
Gozag
Hepliaklqana
Makhleb
Nemelex Xobeh
Okawaru
Qazlal
Ru
Trog
Uskayaw
Vehumet
Xom
The Shining One

Shops:
D:2 [=(   D:7 [


Message History

You shoot an arrow. The arrow hits the kobold brigand!
The kobold brigand is almost dead.
* * * LOW HITPOINT WARNING * * *
You feel extremely sick.
The kobold brigand throws a curare-tipped dart.
The curare-tipped dart closely misses you.
Fire: 125 arrows
Press: ? - help, Q - select action, (/) - cycle Shift-Dir - straight line, f/p - kobold brigand
Aim: a kobold brigand, wielding a +0 dagger and quivering curare-tipped darts (almost dead, 67% to hit)
You shoot an arrow.
The arrow barely misses the kobold brigand.
* * * LOW HITPOINT WARNING * * *
You feel very sick.
The kobold brigand drinks a potion.
The kobold brigand flickers and vanishes!
Deactivating autopickup; reactivate with Ctrl-A.
It was a potion of heal wounds.
You feel much better.
You feel very sick.
You feel sick.
You feel sick.
A curare-tipped dart appears from out of thin air!
The curare-tipped dart hits you.
You are more poisoned.
You have difficulty breathing.
You feel as though you will be slow longer.
* * * LOW HITPOINT WARNING * * *
You feel very sick.
* * * LOW HITPOINT WARNING * * *
You feel very sick.
A curare-tipped dart appears from out of thin air!
The curare-tipped dart hits you.
You are more poisoned.
You have difficulty breathing.
* * * LOW HITPOINT WARNING * * *
You feel as though you will be slow longer.
It was a potion of cancellation.
Your magical effects are unravelling.
You feel magically purged.
You feel yourself speed up.
You die...

..)##.# .....#
#(#.?####
#.......#
#.((....#
#.......#
#.......#
#..#..[.#######
##.#..@)#>....#
#.....)<....#
......(....####
#####....###
######


There were no monsters in sight!

Vanquished Creatures
  Maggie (D:8)
  Edmund (D:5)
  3 water moccasins
  An orc warrior (D:8)
  A sky beast (D:7)
  2 ice beasts (D:6)
  2 ogres
  A necrophage (D:6)
  3 centaurs
  4 bullfrogs
  5 scorpions
  A wyvern zombie (D:5)
  A wyvern skeleton (D:6)
  2 killer bees (D:7)
  2 howler monkeys
  4 wights (D:7)
  An electric eel (D:6)
  A bullfrog zombie (D:5)
  A centaur zombie (D:5)
  A centaur skeleton (D:5)
  A bullfrog skeleton (D:6)
  2 hounds (D:5)
  An orc priest (D:8)
  A jelly (D:6)
  Crazy Yiuf (D:5)
  Ijyb (D:5)
  2 iguanas
  3 orc wizards
  2 killer bee zombies (D:7)
  A hound skeleton (D:4)
  2 river rats (D:4)
  6 adders
  2 ufetubi
  A worm (D:5)
  2 dart slugs (D:1)
  5 orcs
  6 ball pythons
  2 endoplasms
  9 giant cockroaches
  3 goblins
  4 hobgoblins
  2 jackals (D:1)
  7 kobolds
  7 quokkas
  10 bats
  4 frilled lizards
  4 rats
  A spectral kobold (D:1)
130 creatures vanquished.

Vanquished Creatures (collateral kills)
  Psyche (D:7)
  An orc warrior (D:6)
  An ogre (D:6)
  A wight (D:7)
  A kobold (D:8)
5 creatures vanquished.

Vanquished Creatures (others)
  3 dancing weapons (D:7)
  3 killer bees (D:7)
6 creatures vanquished.

Grand Total: 141 creatures vanquished

Notes
Turn   | Place    | Note
-------+----------+-------------------------------------------
     0 | D:1      | hashsling the Deep Elf Necromancer began the quest for the
                  | Orb.
     0 | D:1      | Reached XP level 1. HP: 10/10 MP: 6/6
   143 | D:1      | Reached skill level 5 in Necromancy
   310 | D:1      | Reached XP level 2. HP: 9/15 MP: 6/8
   312 | D:1      | Learned a level 1 spell: Animate Skeleton
   800 | D:1      | Found a faded altar of an unknown god.
  1424 | D:2      | Found Nenuomip's Jewellery Shoppe.
  1433 | D:2      | Reached XP level 3. HP: 19/19 MP: 10/10
  1568 | D:2      | Found a hide-covered altar of Uskayaw.
  1573 | D:2      | Identified the +9 spear of Disharmony {pain, rElec rC+
                  | rCorr Str+4}
  1677 | D:2      | Found Joxaoch's Antique Weapon Shoppe.
  1911 | D:2      | Found Aklavud's Antique Armour Shop.
  2421 | D:3      | Found a glowing golden altar of the Shining One.
  2695 | D:3      | Reached XP level 4. HP: 23/24 MP: 10/12
  2766 | D:4      | Learned a level 3 spell: Vampiric Draining
  2771 | D:4      | Learned a level 4 spell: Anguish
  3036 | D:4      | Reached skill level 1 in Hexes
  3078 | D:4      | Reached XP level 5. HP: 13/28 MP: 9/13
  3235 | D:4      | Found a glowing drain.
  3239 | Sewer    | Entered a sewer
  3261 | Sewer    | Noticed a water moccasin
  3299 | Sewer    | Killed a water moccasin
  3300 | Sewer    | Reached skill level 1 in Polearms
  3636 | D:5      | Entered Level 5 of the Dungeon
  3636 | D:5      | Noticed Edmund
  3662 | D:5      | Reached skill level 1 in Fighting
  3666 | D:5      | Reached XP level 6. HP: 30/34 MP: 15/15
  3672 | D:5      | Reached skill level 5 in Spellcasting
  3690 | D:5      | Reached XP level 7. HP: 23/38 MP: 15/17
  3997 | D:5      | Noticed Ijyb
  4020 | D:5      | Killed Ijyb
  4108 | D:5      | Found a staircase to the Ecumenical Temple.
  4128 | Temple   | Entered the Ecumenical Temple
  4263 | Temple   | Became a worshipper of Makhleb the Destroyer
  4277 | Temple   | Learned a level 3 spell: Tukima's Dance
  4283 | Temple   | Learned a level 5 spell: Agony
  4326 | D:5      | Reached skill level 5 in Dodging
  4330 | D:5      | Killed Edmund
  4496 | D:5      | Found a snail-covered altar of Cheibriados.
  4643 | D:5      | Reached XP level 8. HP: 38/44 MP: 19/19
  4753 | D:5      | Found a shadowy altar of Dithmenos.
  4840 | D:5      | Found a runed translucent door.
  4841 | D:5      | Noticed Crazy Yiuf
  4849 | D:5      | Killed Crazy Yiuf
  4956 | D:6      | Reached skill level 5 in Hexes
  5384 | D:6      | Reached * piety under Makhleb
  5835 | D:2      | Bought a bloodstained shortbow for 152 gold pieces
  5835 | D:2      | Identified the +9 shortbow "Poryrgha" {vorpal, MP+9 Dex+4}
                  | (You bought it in a shop on level 2 of the Dungeon)
  6022 | D:6      | Reached XP level 9. HP: 49/49 MP: 22/22
  6079 | D:7      | Reached skill level 1 in Bows
  6151 | D:7      | HP: 1/49 [killer bee (8)]
  6453 | D:7      | Found a radiant altar of Vehumet.
  6572 | D:7      | Found Ywkyq's Antique Armour Shop.
  6580 | D:7      | Bought a pair of faintly humming gloves for 180 gold pieces
  6580 | D:7      | Identified the +2 pair of gloves of Card Tricks {rF+
                  | Stlth+} (You bought it in a shop on level 7 of the Dungeon)
  6939 | D:7      | Found a broken altar of Ashenzari.
  7236 | D:7      | Found an opulent altar of Gozag.
  7345 | D:8      | Noticed Psyche
  7345 | D:8      | Noticed Maggie
  7355 | D:7      | Killed Psyche
  7402 | D:8      | Killed Maggie
  7403 | D:8      | Reached ** piety under Makhleb
  7565 | D:8      | Succumbed to something's curare-tipped dart

Illustrated notes

Levels and vault maps discovered:
D:1:      dpeg_arrival_solitude, layout_loops_ring,
          dreamdust_ecumenical_altar_drowned_temple, roderic_cross_of_infinity,
          minmay_misc_feat_rows
D:2:      layout_loops_cross, serial_shops, nicolae_shop_crystal,
          nicolae_shop_hallway_stairs, shop, basic_altar,
          guppyfry_early_lair_pool
D:3:      layout_loops_ring, mainiacjoe_overflow_alcove_2
D:4:      layout_cave_pools, gup_sewer_entry_spiral, amcnicky_mini_pool_small,
          amcnicky_mini_rare_corridor_liquid, hex_large
D:5:      layout_loops_cross, nicolae_dithmenos_through_a_glass_darkly,
          cheibrodos_worm_habitat, minmay_temple_entry_drinking_statues,
          uniq_ijyb, uniq_crazy_yiuf_cottage, uniq_edmund
D:6:      layout_rooms, lightli_minifort
D:7:      layout_gridville, grunt_gozag_breadcrumbs,
          mainiacjoe_overflow_alcove_4, lemuel_tele_altar, serial_shops, shop,
          minmay_misc_feat_iff
D:8:      layout_rooms, uniq_psyche, uniq_maggie
Temple:   nicolae_temple_figure_zero

Skill      XL: |  1  2  3  4  5  6  7  8  9 |
---------------+----------------------------+-----
Necromancy     | 5 6 7 8 9 |  9.2
Dodging        | 3 4 5 6 7 |  7.9
Stealth        | 3 |  3.0
Spellcasting   | 4 5 6 7 9 |  9.0
Hexes          | 1 2 3 4 6 7 |  7.0
Polearms       | 1 2 3 |  3.1
Fighting       | 1 2 3 |  3.3
Bows           | 4 |  4.4
Invocations    | |  0.1

Action                   |  1- 3 |  4- 6 |  7- 9 || total
-------------------------+-------+-------+-------++-------
Melee: Dagger            |    37 |       |       ||    37
       Mace              |     1 |       |       ||     1
       Spear             |    22 |    56 |   157 ||   235
       Punch             |       |       |     1 ||     1
       Unarmed           |       |       |     5 ||     5
 Fire: Shortbow          |       |       |    41 ||    41
 Cast: Pain              |    32 |     7 |    18 ||    57
       Vampiric Draining |       |     5 |     7 ||    12
       Animate Skeleton  |       |     2 |     2 ||     4
       Tukima's Dance    |       |       |    18 ||    18
       Agony             |       |       |     4 ||     4
       Anguish           |       |       |     3 ||     3
  Use: Potion            |       |       |     7 ||     7
       Scroll            |       |       |     6 ||     6
 Stab: Sleeping          |     5 |     1 |     1 ||     7
       Distracted        |     1 |       |     4 ||     5
Armor: Robe              |     7 |    10 |    30 ||    47
Dodge: Dodged            |    39 |    28 |   134 ||   201

Table legend: (Time is in decaauts)
 A = Elapsed time spent in this place.
 B = Non-inter-level travel time spent in this place.
 C = Inter-level travel time spent in this place.
 D = Time resting spent in this place.
 E = Time spent auto-exploring this place.
 F = Levels seen in this place.
 G = Mean time per level.
                   A        B        C        D        E       F      G
               +--------+--------+--------+--------+--------+-----+--------+
         Total |   7607 |   7188 |    419 |    450 |   5378 |  10 |  760.7 |
       Dungeon |   7342 |   6930 |    412 |    450 |   5225 |   8 |  917.8 |
        Temple |    161 |    154 |      7 |      0 |    113 |   1 |  161.0 |
         Sewer |    103 |    103 |      0 |      0 |     40 |   1 |  103.0 |
               +--------+--------+--------+--------+--------+-----+--------+

Top non-repeatable levels by time:
     D:7: 1436 daAuts
     D:1: 1429 daAuts
     D:5: 1125 daAuts
     D:6: 926 daAuts
     D:4: 896 daAuts
     D:2: 821 daAuts
     D:3: 652 daAuts
  Temple: 161 daAuts
   Sewer: 103 daAuts
     D:8: 53 daAuts
